 Dungeon Crawl Stone Soup version 0.31-a0-329-g52107efa6a (webtiles) character file.

Game seed: 16102292579045556559

9 AdnanSaban the Covered (level 2, -4/19 HPs)
             Began as a Gargoyle Fighter on July 19, 2023.
             Slain by a gnoll
             ... wielding a +0 flail
              (7 damage)
             ... on level 1 of the Dungeon.
             The game lasted 00:00:24 (511 turns).

AdnanSaban the Covered (Gargoyle Fighter)            Turns: 511, Time: 00:00:24

Health: -4/19      AC:  9    Str: 19    XL:     2   Next: 16%
Magic:  2/2        EV:  9    Int:  8    God:
Gold:   9          SH:  4    Dex:  9    Spells: 1/1 levels left

rFire   . . .        a - +0 flail
rCold   . . .        c - +0 buckler
rNeg    + . .        b - +0 scale mail
rPois   ∞            (no helmet)
rElec   +            (no cloak)
rCorr   .            (no gloves)
SInv    .            (no boots)
Will    .....        (no amulet) Stlth
                     (no ring)
HPRegen 0.23/turn    (no ring)
MPRegen 0.08/turn

%: no passive effects
@: no status effects
A: sickness immunity, AC +2, negative energy resistance 1, electricity
resistance, torment resistance 1, petrification resistance
a: no special abilities


You were on level 1 of the Dungeon.
You visited 1 branch of the dungeon, and saw 1 of its levels.

You collected 9 gold pieces.

Inventory:

Hand Weapons
 a - a +0 flail (weapon)
Armour
 b - a +0 scale mail (worn)
 c - a +0 buckler (worn)
Scrolls
 f - a scroll of identify {unknown}
 g - a scroll of poison {unknown}
Potions
 d - 3 potions of might
 e - 2 potions of haste {unknown}


   Skills:
 + Level 3.5 Fighting
 + Level 2.0 Maces & Flails
 + Level 3.5 Armour
 + Level 3.5 Shields


You had one spell level left.
You didn't know any spells.
Your spell library contained the following spells:

 Spells                   Type           Power      Damage    Failure   Level
 Apportation              Tloc           0%         N/A       85%         1
 Necrotise                Necr           0%         1d4       85%         1
 Summon Small Mammal      Summ           0%         N/A       85%         1


Dungeon Overview and Level Annotations

Branches:
Dungeon (1/15)

Altars:


Innate Abilities, Weirdness & Mutations

You are immune to sickness and miasma.
Your stone body is resilient. (AC +2)
You are immune to poison.
You resist negative energy. (rN+)
You are resistant to electric shocks. (rElec)
You are resistant to unholy torment.
You are immune to petrification.


Message History

The gnoll is moderately wounded.
The gnoll hits you but does no damage.
You closely miss the gnoll.
The gnoll is moderately wounded.
The gnoll barely misses you. The gnoll hits you with a +0 flail.
You closely miss the gnoll.
The gnoll is moderately wounded.
You block the gnoll's attack.
You barely miss the gnoll.
The gnoll is moderately wounded.
The gnoll hits you with a +0 flail.
You barely miss the gnoll.
The gnoll is moderately wounded.
The gnoll completely misses you.
You hit the gnoll.
The gnoll is severely wounded.
You block the gnoll's attack. x2
You hit the gnoll but do no damage.
The gnoll is severely wounded.
The gnoll hits you but does no damage.
You closely miss the gnoll.
The gnoll is severely wounded.
You block the gnoll's attack.
You hit the gnoll but do no damage.
The gnoll is severely wounded.
The gnoll hits you but does no damage. The gnoll hits you with a +0 flail!
* * * LOW HITPOINT WARNING * * *
You are too injured to fight recklessly!
You are too injured to fight recklessly!
You are too injured to fight recklessly!
You are too injured to fight recklessly!
You are too injured to fight recklessly!
You are too injured to fight recklessly!
You are too injured to fight recklessly!
You are too injured to fight recklessly!
You are too injured to fight recklessly!
You closely miss the gnoll.
The gnoll is severely wounded.
The gnoll hits you with a +0 flail!
You die...

#.#######
##########..
##. .....###.
...######
.........
........#
.........
........#
.........
........#
.........
........####
###......
........'..#
#......
.......@##.###
#......
......)g##...#
#.....)
##.(....####.#
#......
#......#
#.#####......
.........
#....##......
.........
####.##......
.........
#.........
......$..#
#....##...
#.........#.


You could see a gnoll.

Vanquished Creatures
  A dart slug (D:1)
  2 hobgoblins (D:1)
  A ball python (D:1)
  A goblin (D:1)
  2 kobolds (D:1)
  2 rats (D:1)
9 creatures vanquished.

Notes
Turn   | Place    | Note
-------+----------+-------------------------------------------
     0 | D:1      | AdnanSaban the Gargoyle Fighter began the quest for the
                  | Orb.
     0 | D:1      | Reached XP level 1. HP: 14/14 MP: 1/1
   265 | D:1      | Reached XP level 2. HP: 19/19 MP: 2/2
   511 | D:1      | Slain by a gnoll

Illustrated notes

Levels and vault maps discovered:
D:1:      dpeg_arrival_houses_and_road, layout_basic, kennysheep_another_room

Action                     || total
---------------------------++-------
  Melee: Flail             ||    33
 Armour: Scale mail        ||    22
  Dodge: Dodged            ||    14
  Block: Buckler           ||    10

Table legend: (Time is in decaauts)
 A = Elapsed time spent in this place.
 B = Non-inter-level travel time spent in this place.
 C = Inter-level travel time spent in this place.
 D = Time resting spent in this place.
 E = Time spent auto-exploring this place.
 F = Levels seen in this place.
 G = Mean time per level.
                   A        B        C        D        E       F      G
               +--------+--------+--------+--------+--------+-----+--------+
         Total |    521 |    521 |      0 |      0 |    440 |   1 |  521.0 |
       Dungeon |    521 |    521 |      0 |      0 |    440 |   1 |  521.0 |
               +--------+--------+--------+--------+--------+-----+--------+

Top non-repeatable levels by time:
     D:1: 521 daAuts
